 Dungeon Crawl Stone Soup version 0.32-a0-818-gb728d0252e (webtiles) character file.

Game seed: 6818836883044984404

38 Fodor the Trooper (level 3, -2/33 HPs)
             Began as a Minotaur Fighter on Mar 25, 2024.
             Killed from afar by Natasha (7 damage)
             ... with a magic dart
             ... on level 2 of the Dungeon.
             The game lasted 00:02:35 (609 turns).

Fodor the Trooper (Minotaur Fighter)                 Turns: 609, Time: 00:02:37

Health: -2/33      AC:  7    Str: 22    XL:     3   Next: 25%
Magic:  2/2        EV:  8    Int:  5    God:
Gold:   30         SH:  4    Dex:  9    Spells: 2/2 levels left

rFire   . . .        a - +0 war axe
rCold   . . .        c - +0 buckler
rNeg    . . .        b - +0 scale mail
rPois   .            (helmet restricted)
rElec   .            (no cloak)
rCorr   .            (no gloves)
SInv    .            (no boots)
Will    .....        (no amulet) Stlth
                     (no ring)
HPRegen 0.25/turn    (no ring)
MPRegen 0.08/turn

%: no passive effects
@: slowed, very slow
A: horns 2, retaliatory headbutt
a: no special abilities


You were on level 2 of the Dungeon.
You visited 1 branch of the dungeon, and saw 2 of its levels.

You collected 30 gold pieces.

Inventory:

Hand Weapons
 a - a +0 war axe (weapon)
Armour
 b - a +0 scale mail (worn)
 c - a +0 buckler (worn)
Talismans
 g - a flux talisman
 j - a maw talisman
Scrolls
 f - a scroll of teleportation {unknown}
 h - a scroll of enchant weapon {unknown}
 i - a scroll of poison {unknown}
 k - a scroll of enchant armour {unknown}
Potions
 d - a potion of might
 e - a potion of invisibility {unknown}


   Skills:
 + Level 4.2 Fighting
 + Level 3.0 Axes
 + Level 4.0 Armour
 + Level 4.0 Shields


You had 2 spell levels left.
You didn't know any spells.
Your spell library was empty.

Dungeon Overview and Level Annotations

Branches:
Dungeon (2/15)

Altars:

Shops:
D:1 *

Annotations:
D:2 Natasha


Innate Abilities, Weirdness & Mutations

You have a pair of horns on your head.
You reflexively headbutt those who attack you in melee.


Message History

Natasha's front paws start to glow.
Natasha zaps a wand.
Space twists violently!
The rupture engulfs you.
You hear a shout!
You hear an angry hiss.
Natasha claws you.
You hit Natasha but do no damage. Natasha casts a spell at you.
The magic dart hits you!
A kobold opens the door.
A ball python comes into view.
A kobold comes into view. It is wielding a +0 dagger.
Natasha extends her claws.
Natasha claws you.
You slash Natasha!
Natasha is heavily wounded.
Natasha casts a spell at you.
You feel yourself slow down.
You closely miss Natasha.
Natasha is heavily wounded.
You barely miss the kobold. Natasha claws you.
The kobold hits you but does no damage. Natasha casts a spell at you.
The magic dart hits you!
* * * LOW HITPOINT WARNING * * *
The kobold hits you but does no damage.
You hit Natasha.
Natasha is severely wounded.
You barely miss the kobold.
Natasha casts a spell.
The kobold barely misses you. Natasha casts a spell at you.
The magic dart hits you.
* * * LOW HITPOINT WARNING * * *
The kobold hits you with a +0 dagger.
* * * LOW HITPOINT WARNING * * *
You hit Natasha.
Natasha is almost dead.
You closely miss the kobold. Natasha casts a spell at you.
The magic dart hits you!
You die...
Natasha begins licking her fur clean.

#.# #.#
###############.#
##............##.#
.'............##.#
.#............##.# #
.#............##.#.###..
................@h5.....
.#..####.##...##K#.#....
.......#.##...##S# # .
...###.#.##...#... ...#
#..'...+... ....
####...#.... #.###
#...#.... .. ....#.....
.. .....#


You could see Natasha, a cerulean imp (summoned), a ball python and a kobold.

Vanquished Creatures
  A dart slug (D:1)
  3 endoplasms (D:1)
  A giant cockroach (D:1)
  4 goblins
  A hobgoblin (D:1)
  7 jackals
  5 kobolds
  A quokka (D:2)
  2 ball pythons (D:1)
  A bat (D:1)
  4 frilled lizards (D:1)
  2 rats (D:1)
32 creatures vanquished.

Notes
Turn   | Place    | Note
-------+----------+-------------------------------------------
     0 | D:1      | Fodor the Minotaur Fighter began the quest for the Orb.
     0 | D:1      | Reached XP level 1. HP: 19/19 MP: 0/0
    39 | D:1      | Reached XP level 2. HP: 27/27 MP: 1/1
    74 | D:1      | Found Vughanif's Assorted Antiques.
   421 | D:1      | Reached XP level 3. HP: 33/33 MP: 2/2
   601 | D:2      | Noticed Natasha
   609 | D:2      | Killed from afar by Natasha

Illustrated notes

Levels and vault maps discovered:
D:1:      roderic_crossed_star, layout_basic, serial_shops, shop,
          minmay_tetromino_o4
D:2:      layout_basic, minmay_goblin_kobold_house, uniq_natasha, uniq_robin

Skill      XL: |  1  2  3 |
---------------+----------+-----
Shields        | 4 |  4.0
Armour         | 4 |  4.0
Fighting       | 4 |  4.2
Axes           | 3 |  3.0

Action                     || total
---------------------------++-------
  Melee: War axe           ||    71
         Headbutt          ||     7
 Armour: Scale mail        ||    58
  Dodge: Dodged            ||    22
  Block: Buckler           ||    17

Table legend: (Time is in decaauts)
 A = Elapsed time spent in this place.
 B = Non-inter-level travel time spent in this place.
 C = Inter-level travel time spent in this place.
 D = Time resting spent in this place.
 E = Time spent auto-exploring this place.
 F = Levels seen in this place.
 G = Mean time per level.
                   A        B        C        D        E       F      G
               +--------+--------+--------+--------+--------+-----+--------+
         Total |    637 |    637 |      0 |      0 |    358 |   2 |  318.5 |
       Dungeon |    637 |    637 |      0 |      0 |    358 |   2 |  318.5 |
               +--------+--------+--------+--------+--------+-----+--------+

Top non-repeatable levels by time:
     D:1: 542 daAuts
     D:2: 94 daAuts
